 Dungeon Crawl Stone Soup version 0.27-a0-679-g77a6b55cf3 (webtiles) character file.

Game seed: 16939679217048138517

4 kae the Ruffian (level 1, 0/18 HPs)
             Began as a Naga Transmuter on Mar 18, 2021.
             Slain by a leopard gecko (3 damage)
             ... on level 1 of the Dungeon.
             The game lasted 00:00:09 (190 turns).

kae the Ruffian (Naga Transmuter)                    Turns: 190, Time: 00:00:10

Health: 0/18       AC:  1    Str: 12    XL:     1   Next: 70%
Magic:  2/3        EV:  9    Int: 13    God:
Gold:   8          SH:  0    Dex: 11    Spells: 3/4 levels left

rFire    . . .     SeeInvis +     - Unarmed
rCold    . . .     Faith    .   (no shield)
rNeg     . . .     Spirit   .   a - +0 robe
rPois    +         Reflect  .   (helmet currently unavailable)
rElec    .         Harm     .   (no cloak)
rCorr    .         Rampage  .   (no gloves)
Will     .....                  (no barding)
Stlth    +.........             (no amulet)
HPRegen  0.06/turn              (no ring)
MPRegen  0.08/turn              (no ring)

@: appendages (expiring), very slow
A: horns 2, AC +0, large, see invisible, deformed body, poison resistance,
slowness 2, spit poison 1, naga tail 1
a: Spit Poison, End Transformation


You were on level 1 of the Dungeon.
You had temporarily grown beastly horns.
You visited 1 branch of the dungeon, and saw 1 of its levels.

You collected 8 gold pieces.

Inventory:

Armour
 a - a +0 robe (worn)


   Skills:
 + Level 1.0 Fighting
 + Level 1.6 Dodging
 * Level 3.1 Unarmed Combat
 + Level 2.0 Spellcasting
 * Level 2.1 Transmutations


You had 3 spell levels left.
You knew the following spells:

 Your Spells              Type           Power      Damage    Failure   Level
a - Beastly Appendage     Tmut           12%        N/A       11%         1

Your spell library contained the following spells:

 Spells                   Type           Power      Damage    Failure   Level
 Wereblood                Tmut           6%         N/A       16%         2
 Spider Form              Tmut/Pois      2%         N/A       43%         3
 Ice Form                 Ice/Tmut       4%         N/A       85%         4
 Blade Hands              Tmut           3%         N/A       96%         5


Dungeon Overview and Level Annotations

Branches:
Dungeon (1/15)

Altars:


Innate Abilities, Weirdness & Mutations

You have temporarily grown beastly horns.
Your serpentine skin is tough. (AC +0)
You have supernaturally acute eyesight. (SInv)
Armour fits poorly on your strangely shaped body.
Your system is resistant to poisons. (rPois)
You cover ground very slowly.
You can spit poison.
You have a snake-like lower body.


Message History

Your transformation is almost over.
A nearby plant withers and dies.
You hit the frilled lizard.
You kill the frilled lizard!
A nearby plant withers and dies.
You hit the kobold.
You kill the kobold!
The leopard gecko misses you.
The ooze jiggles.
Things that are here:
5 stones; a frilled lizard corpse You barely miss the leopard gecko.
The leopard gecko bites you. x2
You are too injured to fight recklessly!
You are too injured to fight recklessly!
You are too injured to fight recklessly!
You barely miss the leopard gecko. Your headbutt misses the leopard gecko.
The leopard gecko bites you.
You barely miss the leopard gecko. The leopard gecko bites you.
You are too injured to fight recklessly!
You are too injured to fight recklessly!
Casting: Beastly Appendage (safe; 11% risk of failure)
Confirm with . or Enter, or press ? or * to list all spells.
You extend your transformation's duration.
The leopard gecko barely misses you. The leopard gecko barely misses you.
You miss the leopard gecko. The leopard gecko bites you.
* * * LOW HITPOINT WARNING * * *
The leopard gecko bites you.
* * * LOW HITPOINT WARNING * * *
You miss the leopard gecko. Your headbutt misses the leopard gecko.
The leopard gecko bites you.
* * * LOW HITPOINT WARNING * * *
You aren't carrying any potions.
You aren't carrying any items that you can evoke.
As you read the scroll labelled VYEWIOLLUF, it crumbles to dust.
It is a scroll of identify.
You don't have any unidentified items.
Your transformation is almost over.
The leopard gecko bites you.
You die...

....P ≈♣≈≈P
.####≈≈PP♣≈≈≈P
...≈≈.≈≈♣≈≈≈P
.P.≈≈≈≈♣P.PP#
..≈≈♣≈≈.≈≈#.#
P≈P≈P..≈#...#
P≈PP..JK....#
.≈≈P###l##.## #
#@##.# ##### #.##.#
≈≈§8# #.##.# ....#
#.##.# ....# #.##.#
....############.##.#
...<#............##.#
....#.###.#########†#
....#.# #...........#


You could see an ooze, a leopard gecko and a kobold.

Vanquished Creatures
  A bat (D:1)
  A giant cockroach (D:1)
  A frilled lizard (D:1)
  2 kobolds (D:1)
5 creatures vanquished.

Vanquished Creatures (others)
  10 plants (D:1)
10 creatures vanquished.

Grand Total: 15 creatures vanquished

Notes
Turn   | Place    | Note
-------+----------+-------------------------------------------
     0 | D:1      | kae the Naga Transmuter began the quest for the Orb.
     0 | D:1      | Reached XP level 1. HP: 18/18 MP: 3/3
   190 | D:1      | Slain by a leopard gecko

Illustrated notes

Levels and vault maps discovered:
D:1:      lightli_arrival_noodles, layout_loops_ring, grunt_decor_mini_mirrors,
          hangedman_abyss_or_decor_lesser_grid, serial_bayou_lagoon_a

Action                   || total
-------------------------++-------
Melee: Unarmed           ||    16
 Cast: Beastly Appendage ||     5
  Use: Scroll            ||     1
Armor: Robe              ||     4
Dodge: Dodged            ||    10

Table legend: (Time is in decaauts)
 A = Elapsed time spent in this place.
 B = Non-inter-level travel time spent in this place.
 C = Inter-level travel time spent in this place.
 D = Time resting spent in this place.
 E = Time spent auto-exploring this place.
 F = Levels seen in this place.
 G = Mean time per level.
                   A        B        C        D        E       F      G
               +--------+--------+--------+--------+--------+-----+--------+
         Total |    234 |    234 |      0 |      0 |    186 |   1 |  234.0 |
       Dungeon |    234 |    234 |      0 |      0 |    186 |   1 |  234.0 |
               +--------+--------+--------+--------+--------+-----+--------+

Top non-repeatable levels by time:
     D:1: 234 daAuts
